 Dungeon Crawl Stone Soup version 0.28-a0-706-gf6f64a616a (webtiles) character file.

Game seed: 1602449198452450455

676 oldriver the Magician (level 7, -6/52 HPs)
             Began as a White Draconian Fire Elementalist on Oct 25, 2021.
             Killed by nerve-wracking pain
             ... invoked by Grinder
              (11 damage)
             ... on level 6 of the Dungeon.
             The game lasted 00:09:43 (6385 turns).

oldriver the Magician (DrFE)                        Turns: 6385, Time: 00:09:44

Health: -6/52      AC:  6    Str: 10    XL:     7   Next: 33%
Magic:  15/17      EV: 12    Int: 17    God:
Gold:   185        SH:  0    Dex: 18    Spells: 13/19 levels left

rFire   . . .      SeeInvis .   (no weapon)
rCold   + + .      Faith    .   (no shield)
rNeg    . . .      Spirit   .   (armour unavailable)
rPois   .          Reflect  .   (helmet restricted)
rElec   .          Harm     .   a - scarf {+Inv}
rCorr   .          Rampage  .   (no gloves)
Will    .....                   (no boots)
Stlth   ++........              h - amulet of magic regeneration
HPRegen 0.17/turn               e - +6 ring of dexterity
MPRegen 0.40/turn               l - ring of protection from cold

@: no status effects
A: breathe frost, AC +6, unfitting armour, cold resistance 1, cold-blooded
a: Breathe Frost, Evoke Invisibility


You were on level 6 of the Dungeon.
You visited 1 branch of the dungeon, and saw 6 of its levels.

You collected 185 gold pieces.

Inventory:

Missiles
 k - 3 curare-tipped darts (quivered)
Armour
 a - a scarf of invisibility (worn)
Jewellery
 e - a +6 ring of dexterity (left hand)
 h - an amulet of magic regeneration (around neck)
 l - a ring of protection from cold (right hand)
 q - an amulet of reflection
 u - a ring of ice
Wands
 j - a wand of flame (22)
Scrolls
 c - a scroll of enchant armour {unknown}
 g - 3 scrolls of identify {unknown}
 n - 3 scrolls of teleportation {unknown}
 p - a scroll of blinking {unknown}
 t - 2 scrolls of torment {unknown}
 v - a scroll of acquirement {unknown}
 w - a scroll of amnesia {unknown}
Potions
 b - a potion of curing {unknown}
 d - a potion of flight {unknown}
 f - 2 potions of haste {unknown}
 i - 2 potions of lignification {unknown}
 m - a potion of resistance {unknown}
 o - 3 potions of cancellation {unknown}
 r - a potion of attraction {unknown}
 s - a potion of invisibility {unknown}
 x - a potion of heal wounds {unknown}


   Skills:
 + Level 1.2 Fighting
 + Level 1.8 Dodging
 + Level 2.0 Stealth
 * Level 6.7 Spellcasting
 + Level 2.2 Conjurations
 + Level 3.2 Fire Magic


You had 13 spell levels left.
You knew the following spells:

 Your Spells              Type           Power      Damage    Failure   Level
a - Foxfire               Conj/Fire      60%        2x1d7     3%          1
b - Scorch                Fire           32%        2d6       4%          2
c - Conjure Flame         Conj/Fire      15%        6-21      12%         3

Your spell library contained the following spells:

 Spells                   Type           Power      Damage    Failure   Level
 Inner Flame              Hex/Fire       11%        N/A       19%         3
 Gell's Gravitas          Tloc           2%         N/A       34%         3
 Lesser Beckoning         Tloc           5%         N/A       34%         3
 Teleport Other           Tloc           5%         N/A       34%         3
 Flame Wave               Conj/Fire      15%        3d5       36%         4


Dungeon Overview and Level Annotations

Branches:
Dungeon (6/15)
 Temple: D:4-7

Altars:
Elyvilon

Shops:
D:2 :

Annotations:
D:6 Grinder


Innate Abilities, Weirdness & Mutations

You can breathe waves of freezing cold which knock back foes.
Your icy white scales are hard. (AC +6)
You cannot fit into any form of body armour.
Your flesh is cold resistant. (rC+)
You are cold-blooded and may be slowed by cold attacks.


Message History

The hornet zombie hits you.
There is a stone staircase leading down here.
The hornet zombie closely misses you.
You hear the slow rusting of a drain nearby.
The hornet zombie hits you! The hornet zombie barely misses you.
The hornet zombie hits you.
Found a dagger.
Grinder comes into view.
The hornet zombie hits you!
* * * LOW HITPOINT WARNING * * *
The hornet zombie closely misses you.
Okay, then.
Casting: Foxfire (safe; 3% risk of failure)
Confirm with . or Enter, or press ? or * to list all spells.
You conjure some foxfire!
Grinder shouts!
You hear a bark!
The hornet zombie barely misses you.
Casting: Foxfire (safe; 3% risk of failure)
Confirm with . or Enter, or press ? or * to list all spells.
You conjure some foxfire!
The foxfire hits the hornet zombie but does no damage.
The foxfire hits the hornet zombie.
The hornet zombie is lightly damaged.
The hornet zombie hits you.
* * * LOW HITPOINT WARNING * * *
A hound comes into view.
The hornet zombie hits you.
* * * LOW HITPOINT WARNING * * *
Casting: Foxfire (safe; 3% risk of failure)
Confirm with . or Enter, or press ? or * to list all spells.
You conjure some foxfire!
The foxfire hits the hornet zombie.
The hornet zombie is lightly damaged.
The foxfire hits the hornet zombie.
The hornet zombie is lightly damaged.
The hornet zombie hits you but does no damage.
Grinder says, "FISH!"
Grinder gestures at you. Pain shoots through your body!
You die...

#.....#....# #.....#....#
####...Z.###'#############
..#..##+####.#..>........#
...............#.........#
...............#.........#
...............#.........#
#.##.##+########Zv.......#
#.#### .......@.########
#....# .......v§# #....#
..5......# #....#
.........# #....#
.........####+ #....#
.....h...#....##########
#....#
........)+(............#
#....# .........#
...........# #....#
..........


You could see Grinder, a hound and a hornet zombie (ally target).

Vanquished Creatures
  A sky beast (D:5)
  An ice beast (D:5)
  An ogre (D:4)
  A scorpion (D:4)
  A hound (D:5)
  A bullfrog skeleton (D:6)
  A centaur zombie (D:5)
  Ijyb (D:3)
  An orc wizard (D:3)
  A hound skeleton (D:4)
  7 adders
  3 gnolls (D:4)
  2 ufetubi (D:4)
  4 worms
  2 dart slugs (D:1)
  6 orcs
  7 bats
  7 endoplasms
  3 giant cockroaches
  3 goblins
  9 hobgoblins
  3 jackals (D:2)
  5 kobolds
  5 quokkas
  6 ball pythons
  A frilled lizard (D:1)
  5 rats
88 creatures vanquished.

Vanquished Creatures (others)
  464 foxfires
464 creatures vanquished.

Grand Total: 552 creatures vanquished

Notes
Turn   | Place    | Note
-------+----------+-------------------------------------------
     0 | D:1      | oldriver the Draconian Fire Elementalist began the quest
                  | for the Orb.
     0 | D:1      | Reached XP level 1. HP: 14/14 MP: 3/3
   494 | D:1      | Reached XP level 2. HP: 18/20 MP: 1/5
   544 | D:1      | Found a faded altar of an unknown god.
   874 | D:1      | Reached skill level 3 in Spellcasting
  1690 | D:1      | Reached XP level 3. HP: 26/26 MP: 0/7
  1978 | D:1      | Learned a level 2 spell: Scorch
  1982 | D:1      | Learned a level 3 spell: Conjure Flame
  2235 | D:2      | Found Atzy's Book Boutique.
  2651 | D:2      | Reached skill level 1 in Fighting
  3043 | D:3      | Reached XP level 4. HP: 35/35 MP: 2/9
  3246 | D:3      | Found a white marble altar of Elyvilon.
  3359 | D:3      | Noticed Ijyb
  3373 | D:3      | Killed Ijyb
  3374 | D:3      | Reached skill level 4 in Spellcasting
  4049 | D:3      | Reached XP level 5. HP: 16/40 MP: 6/12
  4815 | D:4      | Reached skill level 5 in Spellcasting
  4904 | D:4      | Noticed an ogre
  5333 | D:4      | Reached XP level 6. HP: 47/47 MP: 5/14
  5790 | D:5      | Entered Level 5 of the Dungeon
  5797 | D:5      | Reached skill level 6 in Spellcasting
  5858 | D:5      | Noticed a sky beast
  5867 | D:5      | Killed a sky beast
  5868 | D:5      | Your scales start taking on an icy white colour.
  5868 | D:5      | Reached XP level 7. HP: 52/52 MP: 7/16
  5868 | D:5      | Gained mutation: Your flesh is cold resistant. (rC+) [White
                  | Draconian growth]
  6381 | D:6      | Noticed Grinder
  6385 | D:6      | Killed from afar by Grinder

Illustrated notes

Levels and vault maps discovered:
D:1:      amcnicky_arrival_abandoned_market, layout_rooms,
          chequers_ecumenical_altar_island
D:2:      layout_basic, serial_shops, shop
D:3:      minmay_skewed_foursquare, layout_loops_ring,
          mainiacjoe_overflow_cross_hatched, uniq_ijyb
D:4:      layout_loops_corners, hangedman_decor_riveting
D:5:      layout_basic
D:6:      layout_gridville, minmay_temple_entry_gardened_gates,
          portal_sewer_entry_f, serial_park_tiny_pond, corexii_shack,
          minmay_increasing_density, uniq_duvessa, uniq_grinder, uniq_sigmund

Skill      XL: |  1  2  3  4  5  6 |
---------------+-------------------+-----
Spellcasting   | 3 4 5 6 |  6.7
Fighting       | 1 |  1.2
Stealth        | 2 |  2.0
Conjurations   | 2 |  2.2
Dodging        | |  1.8
Fire Magic     | |  3.2

Action                   |  1- 3 |  4- 6 |  7- 9 || total
-------------------------+-------+-------+-------++-------
Melee: Unarmed           |    10 |    15 |       ||    25
       Tailslap          |     2 |     4 |       ||     6
 Cast: Foxfire           |   136 |   135 |    22 ||   293
       Scorch            |     2 |    28 |     1 ||    31
       Conjure Flame     |       |     1 |       ||     1
Armor: Skin              |     7 |    11 |     1 ||    19
Dodge: Dodged            |    24 |    28 |    13 ||    65

Table legend: (Time is in decaauts)
 A = Elapsed time spent in this place.
 B = Non-inter-level travel time spent in this place.
 C = Inter-level travel time spent in this place.
 D = Time resting spent in this place.
 E = Time spent auto-exploring this place.
 F = Levels seen in this place.
 G = Mean time per level.
                   A        B        C        D        E       F      G
               +--------+--------+--------+--------+--------+-----+--------+
         Total |   6387 |   6183 |    204 |   1838 |   3357 |   6 | 1064.5 |
       Dungeon |   6387 |   6183 |    204 |   1838 |   3357 |   6 | 1064.5 |
               +--------+--------+--------+--------+--------+-----+--------+

Top non-repeatable levels by time:
     D:1: 2076 daAuts
     D:3: 1596 daAuts
     D:4: 1273 daAuts
     D:2: 846 daAuts
     D:5: 533 daAuts
     D:6: 60 daAuts
